 Dungeon Crawl Stone Soup version 0.20-a0-46-g4a4b873 (webtiles) character file.

178 Faca the Poker (level 5, -4/42 HPs)
             Began as a Merfolk Berserker on Nov 14, 2016.
             Was a Priest of Trog.
             Slain by a gnoll
             ... wielding a +0 halberd
              (10 damage)
             ... on level 3 of the Dungeon.
             The game lasted 00:28:40 (3132 turns).

Faca the Poker (Merfolk Berserker)                  Turns: 3132, Time: 00:28:40

Health: -4/42      AC:  7    Str: 19    XL:     5   Next: 58%
Magic:  5/5        EV: 10    Int:  6    God:    Trog [***...]
Gold:   72         SH:  9    Dex: 15    Spells: 0 memorised, 4 levels left

rFire  . . .     SeeInvis .     l - +1 spear
rCold  . . .     Gourm    .     m - +0 ring mail
rNeg   . . .     Faith    .     d - +0 shield
rPois  .         Spirit   .     (no helmet)
rElec  .         Reflect  .     i - +1 cloak
rCorr  .         Harm     .     (no gloves)
MR     +....                    (no boots)
Stlth  +.........               (no amulet)
                                j - +2 ring of strength
                                e - ring of protection from magic

@: no status effects
A: change form in water, swift swim, stealthy swim
a: Berserk, Trog's Hand, Burn Spellbooks, Renounce Religion


You were on level 3 of the Dungeon.
You worshipped Trog.
Trog was most pleased with you.
You were not hungry.

You visited 1 branch of the dungeon, and saw 3 of its levels.

You collected 72 gold pieces.

Inventory:

Hand Weapons
 l - a +1 spear (weapon)
 p - a +0 flail of crushing
 s - a +0 trident
Armour
 d - a +0 shield (worn)
 i - a +1 cloak (worn)
 m - a +0 ring mail (worn)
Jewellery
 e - a ring of protection from magic (left hand)
 j - a +2 ring of strength (right hand)
Scrolls
 f - 5 scrolls of remove curse
 k - 3 scrolls of teleportation
 q - a scroll of enchant armour
Potions
 a - 2 potions of magic
 b - a potion of haste {unknown}
 c - a potion of flight {unknown}
 g - 3 potions of curing {unknown}
 h - a potion of berserk rage {unknown}
 n - a potion of might {unknown}
 o - a potion of cure mutation {unknown}
Comestibles
 r - a slice of pizza


   Skills:
 + Level 4.1 Fighting
 + Level 6.3 Polearms
 + Level 0.2 Throwing
 + Level 1.6 Armour
 + Level 3.4 Dodging
 + Level 0.5 Stealth
 + Level 2.2 Shields


You had 4 spell levels left.
You didn't know any spells.

Dungeon Overview and Level Annotations

Branches:
Dungeon (3/15)

Altars:
Dithmenos
Qazlal
Ru
Zin


Message History

The gnoll hits you from afar with a halberd.
* * * LOW HITPOINT WARNING * * *
Attack whom?
Press: ? - help, Dir - move target cursor, f/p - gnoll
Aim: a gnoll, wielding a halberd (heavily wounded)
You reach to attack!
You hit the gnoll.
The gnoll is severely wounded.
The gnoll closely misses you.
Attack whom?
Press: ? - help, Dir - move target cursor, f/p - gnoll
Aim: a gnoll, wielding a halberd (severely wounded)
You reach to attack!
You barely miss the gnoll.
The gnoll is severely wounded.
Attack whom?
Press: ? - help, Dir - move target cursor, f/p - gnoll
Aim: a gnoll, wielding a halberd (severely wounded)
You reach to attack!
You barely miss the gnoll.
The gnoll is severely wounded.
The gnoll hits you from afar with a halberd!
You die...

#.........#####.##
#.#######........# #.#
#........# #(#
#####........##### #.#
#....)....<....... #.#
#.###........####
#.###.###.........#
#.........####...##
######.##### ##@## #......# #)#
#.###..# #g# #.#....# #g# #.
#.#.#.## #.g.# #. #.....##
#.....# #.### ###.##.##
#.......# #.#.##
#)#...####.........###....#####
#........+.........+...........


You could see 3 gnolls.

Vanquished Creatures
  An orc wizard (D:2)
  4 gnolls
  An adder (D:2)
  3 worms (D:2)
  5 dart slugs
  3 leopard geckos
  5 orcs (D:3)
  A ball python (D:1)
  6 bats
  3 giant cockroaches
  4 hobgoblins
  4 jackals (D:3)
  15 kobolds
  3 quokkas (D:2)
  5 frilled lizards
  6 goblins
  10 rats
79 creatures vanquished.

Vanquished Creatures (others)
  2 plants (D:2)
2 creatures vanquished.

Grand Total: 81 creatures vanquished

Notes
Turn   | Place    | Note
-------+----------+-------------------------------------------
     0 | D:1      | Faca the Merfolk Berserker began the quest for the Orb.
     0 | D:1      | Reached XP level 1. HP: 18/18 MP: 1/1
   193 | D:1      | Reached XP level 2. HP: 23/24 MP: 2/2
   993 | D:2      | Found a sacrificial altar of Ru.
   995 | D:2      | Reached XP level 3. HP: 30/30 MP: 3/3
  1006 | D:2      | Reached ** piety under Trog
  1006 | D:2      | Reached skill level 5 in Polearms
  1196 | D:2      | Reached skill level 1 in Shields
  1204 | D:2      | Reached XP level 4. HP: 31/37 MP: 4/4
  1677 | D:2      | Found a faded altar of an unknown god.
  1677 | D:2      | Found a faded altar of an unknown god.
  1685 | D:2      | Found a faded altar of an unknown god.
  1688 | D:2      | Found a faded altar of an unknown god.
  1698 | D:2      | Found a stormy altar of Qazlal.
  1820 | D:2      | Reached XP level 5. HP: 21/42 MP: 5/5
  2038 | D:2      | Found a shadowy altar of Dithmenos.
  2373 | D:2      | Noticed an angel
  2374 | D:2      | Found a glowing silver altar of Zin.
  2642 | D:3      | Reached skill level 6 in Polearms
  2656 | D:3      | Reached *** piety under Trog
  3132 | D:3      | Slain by a gnoll

Vault maps used:
D:1:      dpeg_arrival_simpleton_c
D:2:      nicolae_ru_great_annihilating_truth, nicolae_dithmenos_shadow_blocks,
          zin_angel, chequers_temple_overflow_minitemple,
          lexackson_kobold_supper

Skill      XL: |  1  2  3  4  5 |
---------------+----------------+-----
Fighting       | 4 |  4.1
Polearms       | 5 6 |  6.3
Shields        | 1 2 |  2.2
Dodging        | 3 |  3.4
Throwing       | |  0.2
Armour         | |  1.6
Stealth        | |  0.5

Action                   |  1- 3 |  4- 6 || total
-------------------------+-------+-------++-------
Melee: Spear             |   103 |   273 ||   376
Throw: Stone             |       |    11 ||    11
  Use: Scroll            |     7 |     3 ||    10
       Potion            |     2 |     1 ||     3
 Stab: Sleeping          |       |     3 ||     3
  Eat: Bread ration      |     1 |     1 ||     2
Armor: Animal skin       |    19 |     4 ||    23
       Leather armour    |       |    14 ||    14
       Ring mail         |       |    20 ||    20
Dodge: Dodged            |    31 |    62 ||    93
Block: Shield            |    21 |    74 ||    95
